[Event "Rated Blitz tournament nHHCpOIJ"]
[Site "?"]
[Date "2021.02.25"]
[Round "?"]
[White "ainakul"]
[Black "OhanyanEminChess"]
[Result "0-1"]
[ECO "C46"]
[WhiteElo "2264"]
[BlackElo "2497"]
[PlyCount "154"]
[EventDate "2021.??.??"]
[EventType "blitz"]
[TimeControl "180"]

1. e4 e5 2. Nf3 Nc6 3. Nc3 Nf6 4. Nxe5 Nxe5 5. d4 Ng6 6. e5 Ng8 7. Bc4 d5 8.
Bxd5 N8e7 9. Bb3 Nf5 10. Be3 Nxe3 11. fxe3 Be6 12. d5 Bc8 13. Qh5 Qh4+ 14. Qxh4
Nxh4 15. O-O Bc5 16. Rae1 Nf5 17. Rf3 O-O 18. Ne4 Bb6 19. c4 Nh6 20. c5 Ba5 21.
Ref1 Bg4 22. Rf4 Rae8 23. h3 Bc8 24. d6 Rxe5 25. Bc4 Kh8 26. a3 b5 27. Bxb5 Bb7
28. b4 Bxe4 29. bxa5 cxd6 30. cxd6 Bg6 31. a4 Rd5 32. d7 Rd8 33. Rd4 Rxd4 34.
exd4 Ng8 35. Re1 Nf6 36. Rc1 Bf5 37. Rc7 Bxd7 38. Rxa7 g6 39. a6 Be6 40. Rb7
Bd5 41. Rb6 Ne4 42. a7 Nd6 43. Rb8 Rg8 44. Rxg8+ Kxg8 45. a5 Ba8 46. a6 Nxb5
47. Kh2 Bd5 48. Kg3 Ba8 49. Kh2 Nxa7 50. Kg3 Bd5 51. Kf2 Nb5 52. Ke3 Ba8 53.
Kd2 Nxd4 54. Ke1 Nc6 55. Kf2 Nb8 56. Kg3 Nxa6 57. Kh2 Nc7 58. Kg1 Ne6 59. Kf2
Kg7 60. Ke1 Kf6 61. Kd2 Ke7 62. Kc1 f5 63. Kd2 Kf6 64. Ke1 g5 65. Kf2 h6 66.
Kg1 g4 67. Kh2 gxh3 68. Kg1 Ke5 69. Kf2 f4 70. Kg1 Kd6 71. gxh3 Ng5 72. Kh2 Ke5
73. Kg1 Nf3+ 74. Kf2 Nd4 75. Ke1 Kf5 76. Kd2 Ne6 77. Kc1 Ke4 {Time forfeit} 0-1

[Event "Rated Blitz game"]
[Site "?"]
[Date "2021.02.24"]
[Round "?"]
[White "brunosten"]
[Black "FermanAlkan"]
[Result "1-0"]
[ECO "C46"]
[WhiteElo "2466"]
[BlackElo "2327"]
[PlyCount "91"]
[EventDate "2021.??.??"]
[EventType "blitz"]
[TimeControl "180"]

1. e4 e5 2. Nf3 Nc6 3. Nc3 Nf6 4. Nxe5 Nxe5 5. d4 Ng6 6. e5 Ng8 7. Bc4 Bb4 8.
Qf3 Qe7 9. O-O Bxc3 10. bxc3 Nh6 11. g3 O-O 12. Qh5 d5 13. Bxd5 Bg4 14. Qg5
Qxg5 15. Bxg5 c6 16. Bg2 Bf5 17. Bxh6 gxh6 18. Rac1 Rfe8 19. f4 Ne7 20. Kf2 Nd5
21. c4 Nc3 22. Ke3 Rad8 23. a3 Na4 24. d5 Nb6 25. Kd4 cxd5 26. cxd5 Rc8 27. c4
Na4 28. c5 Rc7 29. d6 Rd7 30. c6 Rdd8 31. c7 Rc8 32. Bxb7 Nb6 33. Bxc8 Bxc8 34.
Rb1 f6 35. Rf3 fxe5+ 36. fxe5 Nd7 37. Re3 Rf8 38. e6 Nb6 39. d7 Bxd7 40. exd7
Nxd7 41. Re7 Nb6 42. Kc5 Rc8 43. Rxb6 axb6+ 44. Kxb6 Ra8 45. Kb7 Rxa3 46. c8=Q#
{Normal} 1-0

[Event "Rated Blitz game"]
[Site "?"]
[Date "2021.02.24"]
[Round "?"]
[White "maximsnigurov"]
[Black "warredw"]
[Result "0-1"]
[ECO "C46"]
[WhiteElo "2521"]
[BlackElo "2490"]
[PlyCount "144"]
[EventDate "2021.??.??"]
[EventType "blitz"]
[TimeControl "180"]

1. e4 e5 2. Nf3 Nc6 3. Nc3 Nf6 4. Nxe5 Nxe5 5. d4 Nc6 6. d5 Bb4 7. dxc6 Nxe4 8.
Qg4 Qe7 9. Be2 Nxc3 10. bxc3 Bxc3+ 11. Bd2 Bxa1 12. O-O O-O 13. Rxa1 dxc6 14.
Qf3 Re8 15. Bd3 Qf6 16. Qxf6 gxf6 17. Bc3 Kg7 18. Rb1 b6 19. Rb4 c5 20. Rf4 Re6
21. g4 h6 22. h4 Re5 23. Bxe5 fxe5 24. Re4 f6 25. f4 Bb7 26. Re1 Re8 27. Bb5
Re7 28. g5 hxg5 29. hxg5 fxg5 30. fxe5 g4 31. Kf2 Kg6 32. Kg3 Bf3 33. Bd3+ Kg5
34. e6 Kf6 35. Bc4 c6 36. a4 a6 37. Bxa6 Rxe6 38. Rxe6+ Kxe6 39. Kf4 Kf6 40.
Bd3 Ke6 41. Bc4+ Kd6 42. Bg8 Kc7 43. Bc4 Kb7 44. Bd3 Ka7 45. Bc4 Bd1 46. Bd3
Kb7 47. Be4 Kc7 48. Bd3 Kd6 49. Be4 b5 50. a5 Kc7 51. a6 Kb6 52. a7 Kxa7 53.
Bxc6 Kb6 54. Be4 c4 55. c3 Kc5 56. Ke3 b4 57. cxb4+ Kxb4 58. Bf5 c3 59. Bg6 Kb3
60. Bf5 Kb2 61. Bg6 c2 62. Kd2 c1=Q+ 63. Ke1 Bf3+ 64. Kf2 Qd2+ 65. Kg3 Qd6+ 66.
Kh4 Qxg6 67. Kg3 Qd6+ 68. Kh4 Qh2+ 69. Kg5 g3 70. Kf4 g2+ 71. Ke3 g1=Q+ 72. Kd3
Qe2# {Normal} 0-1

[Event "Rated Blitz tournament wiHX4QHO"]
[Site "?"]
[Date "2021.02.23"]
[Round "?"]
[White "vladlitus"]
[Black "shahmatpatblog"]
[Result "0-1"]
[ECO "C46"]
[WhiteElo "2404"]
[BlackElo "2261"]
[PlyCount "68"]
[EventDate "2021.??.??"]
[EventType "blitz"]
[TimeControl "180"]

1. e4 e5 2. Nc3 Nc6 3. Nf3 Nf6 4. Nxe5 Nxe5 5. d4 Nxe4 6. Nxe4 Ng6 7. Bd3 d5 8.
Ng5 Be7 9. Qh5 Qd7 10. h3 Bxg5 11. Bxg5 Qe6+ 12. Kd2 Qb6 13. Rae1+ Be6 14. Bxg6
fxg6 15. Qg4 Kd7 16. Qh4 h6 17. Be3 g5 18. Qg3 Qxb2 19. Rb1 Qxa2 20. Rxb7 Qa5+
21. Kc1 Rab8 22. Qe5 Rxb7 23. Qxg7+ Kc6 24. Qxh8 Qa1+ 25. Kd2 Qxh1 26. Qe8+ Bd7
27. Qg6+ Kb5 28. Qf7 Bc6 29. Qe7 Rb6 30. Qc5+ Ka6 31. Qe7 Kb7 32. Qd8 Qxg2 33.
h4 gxh4 34. Kc3 Qe4 {Time forfeit} 0-1

[Event "Rated Blitz game"]
[Site "?"]
[Date "2021.02.23"]
[Round "?"]
[White "Vyka"]
[Black "Kravtsov_Sergey"]
[Result "0-1"]
[ECO "C46"]
[WhiteElo "2447"]
[BlackElo "2388"]
[PlyCount "92"]
[EventDate "2021.??.??"]
[EventType "blitz"]
[TimeControl "180"]

1. e4 Nf6 2. Nc3 e5 3. Nf3 Nc6 4. Nxe5 Nxe5 5. d4 Ng6 6. e5 Ng8 7. Bc4 Bb4 8.
Qf3 f6 9. h4 Qe7 10. Bd2 d6 11. Nd5 Bxd2+ 12. Kxd2 Qd8 13. h5 Nxe5 14. dxe5
dxe5 15. Ke2 c6 16. Ne3 Nh6 17. Qg3 Qe7 18. Rad1 Bd7 19. Rd2 O-O-O 20. Rhd1 Bf5
21. Nxf5 Nxf5 22. Qg4 g6 23. hxg6 hxg6 24. c3 Rxd2+ 25. Rxd2 Rd8 26. Qxg6 Rxd2+
27. Kxd2 Nd6 28. Be2 Kc7 29. Kc2 a5 30. g4 e4 31. Qh6 Qe5 32. Qg7+ Kb6 33. Qh6
Qg5 34. Qf8 Qe5 35. Qd8+ Ka7 36. Qc7 Ka8 37. a4 Ka7 38. Qd8 e3 39. fxe3 Qe4+
40. Bd3 Qe5 41. Qc7 Ka8 42. e4 Ka7 43. Qd8 Qh2+ 44. Kb3 Qe5 45. Kc2 Nb5 46. Qc7
Nxc7 {Time forfeit} 0-1

[Event "Rated Blitz tournament 5V952242"]
[Site "?"]
[Date "2021.02.23"]
[Round "?"]
[White "TheRealPietzsch"]
[Black "LEV2310"]
[Result "0-1"]
[ECO "C46"]
[WhiteElo "2341"]
[BlackElo "2441"]
[PlyCount "80"]
[EventDate "2021.??.??"]
[EventType "blitz"]
[TimeControl "180"]

1. e4 e5 2. Nf3 Nc6 3. Nc3 Nf6 4. Nxe5 Nxe5 5. d4 Nc6 6. d5 Ne5 7. f4 Ng6 8. e5
Rg8 9. Bc4 a6 10. exf6 Qxf6 11. Be3 b5 12. Bb3 Bb7 13. Qd2 O-O-O 14. O-O-O Re8
15. a4 b4 16. Ne2 Bd6 17. g3 Re7 18. Nd4 Rge8 19. Rhe1 Kb8 20. Bc4 Nxf4 21.
gxf4 Rxe3 22. Rxe3 Rxe3 23. Kb1 Bxf4 24. Qxb4 Re4 25. Bxa6 Qxa6 26. Nc6+ dxc6
27. Qxe4 Bd6 28. b3 cxd5 29. Qe8+ Ka7 30. Qxf7 Qe2 31. Rf1 d4 32. Rf5 Be4 33.
Ra5+ Kb6 34. Rb5+ Ka6 35. Qc4 Qxc4 36. bxc4 d3 37. cxd3 Bxd3+ 38. Kb2 Bxc4 39.
Rg5 h6 40. Rxg7 Be5+ {Normal} 0-1

[Event "Rated Blitz game"]
[Site "?"]
[Date "2021.02.22"]
[Round "?"]
[White "lederman"]
[Black "Verdik"]
[Result "1-0"]
[ECO "C46"]
[WhiteElo "2433"]
[BlackElo "2425"]
[PlyCount "47"]
[EventDate "2021.??.??"]
[EventType "blitz"]
[TimeControl "180+2"]

1. e4 e5 2. Nc3 Nf6 3. Nf3 Nc6 4. Nxe5 Nxe5 5. d4 Ng6 6. e5 Ng8 7. Bc4 Bb4 8.
O-O N8e7 9. f4 b5 10. Bxf7+ Kxf7 11. f5 Bxc3 12. fxg6+ Kg8 13. bxc3 Nxg6 14.
Qf3 h6 15. Qxa8 Kh7 16. Qe4 Re8 17. Bf4 Qe7 18. Rf3 c6 19. Rg3 Qe6 20. h4 h5
21. Rf1 d5 22. Qd3 Bd7 23. Bc1 Re7 24. Rf6 {Normal} 1-0

[Event "Rated Rapid game"]
[Site "?"]
[Date "2021.02.22"]
[Round "?"]
[White "UweGrant"]
[Black "hr_2"]
[Result "0-1"]
[ECO "C46"]
[WhiteElo "2361"]
[BlackElo "2406"]
[PlyCount "132"]
[EventDate "2021.??.??"]
[EventType "rapid"]
[TimeControl "600"]

1. e4 e5 2. Nf3 Nc6 3. Nc3 Nf6 4. Nxe5 Nxe5 5. d4 Nc6 6. d5 Bb4 7. dxc6 Nxe4 8.
Qd4 Qe7 9. Be3 O-O 10. Bd3 Nxc3 11. bxc3 Ba5 12. cxb7 Bxb7 13. O-O Bb6 14. Qf4
Bxe3 15. fxe3 d6 16. Rab1 Bd5 17. c4 Bc6 18. c5 dxc5 19. Bc4 Kh8 20. Bd3 Rae8
21. Rbe1 Qe5 22. Qh4 g6 23. h3 f5 24. Qh6 Qg7 25. Qf4 Qe5 26. Qh6 Bd5 27. e4
Bg8 28. exf5 Qxe1 29. Rxe1 Rxe1+ 30. Kf2 Ree8 31. g4 c4 32. Be2 gxf5 33. g5 Rf7
34. Bh5 Ref8 35. Bxf7 Rxf7 36. Qe6 Kg7 37. Qh6+ Kh8 38. Qa6 c5 39. Qxc4 Kg7 40.
Qxc5 Kg6 41. h4 Kh5 42. Qc8 Rg7 43. Qe8+ Bf7 44. Qe5 Rg6 45. Qxf5 Be6 46. Qe4
Bg4 47. Kg3 Bd1 48. c4 h6 49. Qe8 hxg5 50. Qh8+ Rh6 51. Qe8+ Rg6 52. hxg5 Kxg5
53. Kf2 Bg4 54. c5 Rf6+ 55. Kg3 Bf5 56. Qg8+ Rg6 57. Qd5 Kf6+ 58. Kf4 Rg4+ 59.
Kf3 Rg7 60. Qd6+ Kg5 61. c6 Rg8 62. Kg2 Kh5+ 63. Kf2 Kg5 64. Qd2+ Kf6 65. c7
Rc8 66. Qc3+ Ke6 {Time forfeit} 0-1

[Event "Rated Blitz game"]
[Site "?"]
[Date "2021.02.22"]
[Round "?"]
[White "lederman"]
[Black "TeddyWinters"]
[Result "1-0"]
[ECO "C46"]
[WhiteElo "2426"]
[BlackElo "2509"]
[PlyCount "97"]
[EventDate "2021.??.??"]
[EventType "blitz"]
[TimeControl "180+2"]

1. e4 e5 2. Nc3 Nf6 3. Nf3 Nc6 4. Nxe5 Nxe5 5. d4 Ng6 6. e5 Ng8 7. f4 d6 8. Bd3
dxe5 9. dxe5 Nh6 10. Be3 Bb4 11. Qd2 Nf5 12. O-O-O c6 13. Bf2 Qa5 14. g4 Nfe7
15. f5 Nxe5 16. Qf4 Nxd3+ 17. Rxd3 O-O 18. f6 Ng6 19. Qe4 Bxc3 20. Rxc3 Qg5+
21. Kb1 Qxf6 22. Bd4 Qe6 23. Qd3 Qxg4 24. Rg1 Qf5 25. Qg3 Be6 26. h4 h5 27. Rf3
Qd5 28. Qf2 Qxa2+ 29. Kc1 Rad8 30. b3 Bg4 31. Rfg3 Qa3+ 32. Bb2 Qd6 33. Kb1 Qf4
34. Qxa7 Rd1+ 35. Ka2 Rxg1 36. Rxg1 Re8 37. Qxb7 Kh7 38. Qxc6 Re5 39. Bxe5 Nxe5
40. Qc7 Qf5 41. Re1 f6 42. Qc3 Qd7 43. Kb2 Kh6 44. Qe3+ Kh7 45. Qc3 Be6 46. Re4
Qb7 47. Rd4 Nc6 48. Rd6 Bd7 49. Qd3+ {Time forfeit} 1-0

[Event "Rated Blitz game"]
[Site "?"]
[Date "2021.02.22"]
[Round "?"]
[White "lederman"]
[Black "Verdik"]
[Result "1-0"]
[ECO "C46"]
[WhiteElo "2445"]
[BlackElo "2414"]
[PlyCount "77"]
[EventDate "2021.??.??"]
[EventType "blitz"]
[TimeControl "180+2"]

1. e4 e5 2. Nf3 Nc6 3. Nc3 Nf6 4. Nxe5 Nxe5 5. d4 Nc6 6. d5 Ne5 7. f4 Ng6 8. e5
Ng8 9. Be3 d6 10. Bb5+ Bd7 11. Qe2 c6 12. Ba4 cxd5 13. exd6 Bxd6 14. Bc5+ Be7
15. f5 Bxa4 16. fxg6 hxg6 17. O-O-O Bc6 18. Rhe1 Kf8 19. Bd4 Nf6 20. h3 Bd6 21.
Kb1 Rh5 22. g4 Rh8 23. g5 Nh5 24. Nxd5 Bxd5 25. Bxg7+ Nxg7 26. Rxd5 Nf5 27. Qd2
Qc7 28. c4 Rc8 29. c5 Bf4 30. Qc3 Kg8 31. Qf6 Rxh3 32. a3 Re3 33. Rh1 Ng7 34.
Rhd1 Ree8 35. Rd7 Qe5 36. Qxf7+ Kh8 37. Rh1+ Bh2 38. Rxh2+ Qxh2 39. Qxg7# {
Normal} 1-0

[Event "Rated Blitz game"]
[Site "?"]
[Date "2021.02.22"]
[Round "?"]
[White "sosforlove"]
[Black "Congoman"]
[Result "1-0"]
[ECO "C46"]
[WhiteElo "2447"]
[BlackElo "2303"]
[PlyCount "59"]
[EventDate "2021.??.??"]
[EventType "blitz"]
[TimeControl "180"]

1. e4 e5 2. Nf3 Nf6 3. Nc3 Nc6 4. Nxe5 Nxe5 5. d4 Ng6 6. e5 Ng8 7. Bc4 d5 8.
Bxd5 c6 9. Bb3 Be6 10. Bxe6 fxe6 11. Qg4 Qd7 12. h4 O-O-O 13. Be3 Bb4 14. h5
N6e7 15. O-O-O Bxc3 16. bxc3 Nd5 17. Bg5 Rf8 18. c4 Rxf2 19. Qg3 Rf5 20. cxd5
Qxd5 21. Kb2 h6 22. Bc1 Qb5+ 23. Ka1 Ne7 24. Qxg7 Re8 25. Qxh6 Nd5 26. Qd2 Qa4
27. h6 Nb4 28. c3 Nc2+ 29. Kb2 Ne3 30. Qxe3 {Time forfeit} 1-0

[Event "Rated Blitz game"]
[Site "?"]
[Date "2021.02.22"]
[Round "?"]
[White "vladlitus"]
[Black "SmallStakes"]
[Result "0-1"]
[ECO "C46"]
[WhiteElo "2405"]
[BlackElo "2448"]
[PlyCount "144"]
[EventDate "2021.??.??"]
[EventType "blitz"]
[TimeControl "180"]

1. e4 e5 2. Nc3 Nf6 3. Nf3 Nc6 4. Nxe5 Nxe5 5. d4 Ng6 6. e5 Ng8 7. Bc4 d5 8.
Bxd5 N8e7 9. Be4 c6 10. f4 Bf5 11. O-O Qd7 12. Be3 O-O-O 13. Qf3 Bxe4 14. Nxe4
Nd5 15. Bd2 f5 16. Ng3 Be7 17. c4 Nb6 18. Qc3 Qxd4+ 19. Qxd4 Rxd4 20. Be3 Rd3
21. Nxf5 Rf8 22. Bxb6 axb6 23. Nxe7+ Nxe7 24. g3 g6 25. Rad1 Rfd8 26. Rxd3 Rxd3
27. Rf2 Kd7 28. Kg2 Ke6 29. h3 h5 30. Rf3 Rd2+ 31. Rf2 Rd4 32. b3 Nf5 33. g4
hxg4 34. hxg4 Ne3+ 35. Kf3 Nd1 36. Rh2 Nc3 37. Rh6 Rd3+ 38. Kg2 Kf7 39. Rh7+
Kg8 40. Rxb7 Ne4 41. f5 Rg3+ 42. Kh2 Rxg4 43. f6 Rf4 44. Rxb6 c5 45. Rb7 Ng5
46. a4 Re4 47. Rg7+ Kf8 48. Rxg6 Nf7 49. Rg2 Rxe5 50. Ra2 Nd6 51. a5 Nc8 52. a6
Na7 53. Ra5 Kf7 54. Kg3 Kxf6 55. b4 cxb4 56. Ra4 b3 57. Rb4 Re3+ 58. Kf4 Rc3
59. Rb6+ Ke7 60. Rb7+ Kd6 61. Rxa7 Rxc4+ 62. Ke3 Rb4 63. Rh7 b2 64. a7 b1=Q 65.
a8=Q Qb3+ 66. Kf2 Rf4+ 67. Kg2 Qc2+ 68. Kg3 Qf2+ 69. Kh3 Rf3+ 70. Kg4 Qg3+ 71.
Kh5 Rf5+ 72. Kh6 Qg5# {Normal} 0-1

[Event "Rated Blitz game"]
[Site "?"]
[Date "2021.02.22"]
[Round "?"]
[White "lederman"]
[Black "Verdik"]
[Result "0-1"]
[ECO "C46"]
[WhiteElo "2444"]
[BlackElo "2415"]
[PlyCount "46"]
[EventDate "2021.??.??"]
[EventType "blitz"]
[TimeControl "180+2"]

1. e4 e5 2. Nf3 Nc6 3. Nc3 Nf6 4. Nxe5 Nxe5 5. d4 Nc6 6. d5 Ne5 7. f4 Ng6 8. e5
Ng8 9. Be3 Bb4 10. Qd4 c5 11. Qe4 Bxc3+ 12. bxc3 Qa5 13. Bd2 d6 14. exd6+ Kf8
15. f5 Nf6 16. Qe2 Bxf5 17. Qf2 Re8+ 18. Be2 Bg4 19. O-O Rxe2 20. Qg3 Rxd2 21.
Rae1 Qd8 22. Rxf6 gxf6 23. Qxg4 Rxd5 {Normal} 0-1

[Event "Rated Blitz game"]
[Site "?"]
[Date "2021.02.21"]
[Round "?"]
[White "highway_star"]
[Black "ScrappyCokko"]
[Result "0-1"]
[ECO "C46"]
[WhiteElo "2340"]
[BlackElo "2455"]
[PlyCount "86"]
[EventDate "2021.??.??"]
[EventType "blitz"]
[TimeControl "180"]

1. e4 e5 2. Nf3 Nc6 3. Nc3 Nf6 4. Nxe5 Nxe5 5. d4 Ng6 6. e5 Ng8 7. Bc4 N8e7 8.
Qf3 d6 9. exd6 Qxd6 10. Bxf7+ Kd8 11. O-O Nf5 12. Bg5+ Be7 13. Be3 Rf8 14. Bxg6
Qxg6 15. Qd5+ Bd6 16. Ne4 c6 17. Qb3 Nh4 18. Bg5+ Kc7 19. Bxh4 Qxe4 20. Bg3
Bxg3 21. Qxg3+ Kb6 22. Rfe1 Qxc2 23. Rac1 Qg6 24. Qb3+ Kc7 25. d5 Bd7 26. dxc6
bxc6 27. Qb4 a5 28. Qc5 Rf5 29. Qd4 Qf6 30. Qe3 Rd5 31. Qg3+ Qd6 32. Qxg7 Rb8
33. b3 Rb4 34. Qxh7 Rg4 35. Qc2 Rh5 36. g3 Rg7 37. Qc3 Rgh7 38. h4 Rxh4 39.
gxh4 Rxh4 40. Rcd1 Rg4+ 41. Kf1 Qg6 42. Qxa5+ Kc8 43. Rxd7 Kxd7 {Time forfeit}
0-1

[Event "Rated Blitz game"]
[Site "?"]
[Date "2021.02.21"]
[Round "?"]
[White "MiroLewy66"]
[Black "Stratov"]
[Result "0-1"]
[ECO "C46"]
[WhiteElo "2339"]
[BlackElo "2427"]
[PlyCount "64"]
[EventDate "2021.??.??"]
[EventType "blitz"]
[TimeControl "300"]

1. e4 e5 2. Nf3 Nc6 3. Nc3 Nf6 4. Nxe5 Nxe5 5. d4 d6 6. dxe5 dxe5 7. Qxd8+ Kxd8
8. Bg5 c6 9. Bxf6+ gxf6 10. O-O-O+ Kc7 11. Bc4 Be6 12. Bxe6 fxe6 13. Rd3 Rd8
14. Rf3 Be7 15. h4 Rhg8 16. g3 Rd4 17. Rd1 Rgd8 18. Rdd3 b5 19. Rxd4 exd4 20.
Ne2 c5 21. Nf4 Kd6 22. Nh5 Ke5 23. Rf4 c4 24. Kd2 b4 25. Rg4 c3+ 26. bxc3 dxc3+
27. Kc1 Rd2 28. Rg7 Bc5 29. f4+ Kxe4 30. Nxf6+ Kf3 31. Rc7 Be3 32. Rxh7 Rh2+ {
Normal} 0-1

[Event "Rated Blitz tournament qUJEGavI"]
[Site "?"]
[Date "2021.02.21"]
[Round "?"]
[White "sim13a"]
[Black "chicago_blitzer"]
[Result "0-1"]
[ECO "C46"]
[WhiteElo "2390"]
[BlackElo "2444"]
[PlyCount "38"]
[EventDate "2021.??.??"]
[EventType "blitz"]
[TimeControl "300"]

1. e4 e5 2. Nf3 Nc6 3. Nc3 Nf6 4. Nxe5 Nxe5 5. d4 Bb4 6. dxe5 Nxe4 7. Qd4 Bxc3+
8. bxc3 d5 9. Ba3 Ng5 10. Bd3 Ne6 11. Qg4 c5 12. O-O O-O 13. c4 dxc4 14. Bxc4
Nd4 15. Qg3 Be6 16. Bxe6 Ne2+ 17. Kh1 Nxg3+ 18. hxg3 fxe6 19. Bxc5 Rf7 {Normal}
0-1

[Event "Rated Blitz game"]
[Site "?"]
[Date "2021.02.21"]
[Round "?"]
[White "highway_star"]
[Black "Krishnamurti33"]
[Result "1/2-1/2"]
[ECO "C46"]
[WhiteElo "2322"]
[BlackElo "2430"]
[PlyCount "98"]
[EventDate "2021.??.??"]
[EventType "blitz"]
[TimeControl "180"]

1. e4 e5 2. Nf3 Nc6 3. Nc3 Nf6 4. Nxe5 Nxe5 5. d4 Ng6 6. e5 Be7 7. exf6 Bxf6 8.
Bd3 O-O 9. O-O d5 10. Ne2 c6 11. c3 Be6 12. Qc2 Re8 13. Nf4 Nxf4 14. Bxf4 g6
15. Rfe1 Bg5 16. Bxg5 Qxg5 17. Re3 Re7 18. Rae1 Rae8 19. Qe2 Kf8 20. Re5 Qf6
21. g3 Bd7 22. f4 Rxe5 23. fxe5 Qg5 24. Rf1 Kg7 25. Qf2 Be6 26. h4 Qe7 27. h5
b6 28. hxg6 hxg6 29. Qf6+ Qxf6 30. Rxf6 Rh8 31. Bxg6 Rh6 32. Bd3 Rxf6 33. exf6+
Kxf6 34. Kf2 Kg5 35. Be2 f6 36. Ba6 Bd7 37. Bb7 Kg4 38. b4 b5 39. Ba8 f5 40.
Bb7 f4 41. gxf4 Kxf4 42. Ke2 Ke4 43. Kd2 Kf4 44. Kc2 Ke3 45. Kb3 Kd3 46. Ba8
Kd2 47. Bb7 Kd3 48. Ba8 Kd2 49. Bb7 Kd3 {Normal} 1/2-1/2

[Event "Rated Blitz game"]
[Site "?"]
[Date "2021.02.20"]
[Round "?"]
[White "PurgeDota"]
[Black "peshkunets"]
[Result "0-1"]
[ECO "C46"]
[WhiteElo "2315"]
[BlackElo "2402"]
[PlyCount "138"]
[EventDate "2021.??.??"]
[EventType "blitz"]
[TimeControl "180"]

1. e4 e5 2. Nf3 Nc6 3. Nc3 Nf6 4. Nxe5 Nxe5 5. d4 Ng6 6. e5 Ng8 7. Bc4 Bb4 8.
Qf3 Bxc3+ 9. bxc3 Qe7 10. O-O Nh6 11. Bd3 O-O 12. Qh5 d6 13. Bg5 Qe6 14. f4 Qg4
15. Qxg4 Nxg4 16. f5 f6 17. fxg6 hxg6 18. exf6 gxf6 19. Bd2 f5 20. h3 Nf6 21.
Rae1 Bd7 22. Bg5 Nd5 23. Bd2 Rae8 24. c4 Nb6 25. c5 Nd5 26. cxd6 cxd6 27. Bc4
Bc6 28. Bb3 b5 29. Bf4 Rd8 30. Bg5 Rd7 31. c4 bxc4 32. Bxc4 Kf7 33. Re2 Re8 34.
Rfe1 Rxe2 35. Rxe2 Kf8 36. Rb2 Rb7 37. Rxb7 Bxb7 38. Kf2 Nb6 39. Bd3 Bd5 40. a3
Kf7 41. g3 Nd7 42. Bf4 Ke6 43. Ke3 Nf6 44. Bg5 Bg2 45. h4 Ng4+ 46. Kf4 Nf2 47.
Bc2 Nh3+ 48. Ke3 Nxg5 49. hxg5 Kd5 50. Bb3+ Kc6 51. Bf7 Be4 52. Bxg6 Bb1 53. g4
Kd5 54. gxf5 Ba2 55. f6 Ke6 56. Kf4 Bd5 57. Bf5+ Kf7 58. Be4 Bc4 59. d5 Bb3 60.
Kf5 Ba2 61. g6+ Kf8 62. g7+ Kf7 63. Bf3 Bxd5 64. Kg5 Ke8 65. Bh5+ Kd7 66. f7
Kc7 67. f8=Q Kb6 68. Qf7 Kc5 69. Qf6 Be4 {Time forfeit} 0-1

[Event "Rated Blitz game"]
[Site "?"]
[Date "2021.02.20"]
[Round "?"]
[White "khalid_ontawar"]
[Black "king_shawn123"]
[Result "0-1"]
[ECO "C46"]
[WhiteElo "2227"]
[BlackElo "2474"]
[PlyCount "90"]
[EventDate "2021.??.??"]
[EventType "blitz"]
[TimeControl "180"]

1. e4 Nc6 2. Nc3 e5 3. Nf3 Nf6 4. Nxe5 Nxe5 5. d4 Ng6 6. e5 Bb4 7. exf6 Qxf6 8.
Be2 O-O 9. O-O Bxc3 10. bxc3 d5 11. c4 Be6 12. cxd5 Bxd5 13. c4 Be6 14. Ba3
Rfd8 15. d5 c6 16. Bf3 Nh4 17. Rb1 Nxf3+ 18. Qxf3 Qxf3 19. gxf3 cxd5 20. Rxb7
dxc4 21. Rc1 Rd3 22. Bc5 Rxf3 23. Rxa7 Rxa7 24. Bxa7 Ra3 25. Rd1 h6 26. Bd4
Rxa2 27. Re1 Rd2 28. Be3 Rd3 29. Kg2 c3 30. Rc1 Bb3 31. Kf3 c2 32. Ke2 Rd1 33.
h4 Kh7 34. Kf3 Kg6 35. Kg3 Kf5 36. Kf3 g5 37. hxg5 hxg5 38. Ke2 f6 39. Kf3 Ke5
40. Kg4 Ke4 41. Kh5 Kf5 42. f3 Rxc1 43. Bxc1 Bd5 44. f4 Bf3+ 45. Kh6 g4 {Normal
} 0-1

[Event "Rated Blitz game"]
[Site "?"]
[Date "2021.02.20"]
[Round "?"]
[White "vladlitus"]
[Black "JonathanCarlstedt"]
[Result "0-1"]
[ECO "C46"]
[WhiteElo "2411"]
[BlackElo "2455"]
[PlyCount "56"]
[EventDate "2021.??.??"]
[EventType "blitz"]
[TimeControl "180"]

1. e4 e5 2. Nc3 Nc6 3. Nf3 Nf6 4. Nxe5 Nxe5 5. d4 Ng6 6. e5 Be7 7. exf6 Bxf6 8.
Nd5 O-O 9. Be3 Re8 10. Be2 c6 11. Nxf6+ Qxf6 12. O-O d5 13. Qd2 h6 14. a4 Bf5
15. a5 a6 16. Ra3 Re7 17. g3 Rae8 18. Rc1 Be4 19. Rf1 Bf3 20. Bd3 Qe6 21. Rc1
Nh4 22. c4 Qg4 23. Bf1 Be4 24. Qd1 Nf3+ 25. Kh1 Nxd4+ 26. Kg1 Nf3+ 27. Kh1 Ng5+
28. Kg1 Bf3 {Normal} 0-1

[Event "Rated Blitz game"]
[Site "?"]
[Date "2021.02.20"]
[Round "?"]
[White "Smiechu"]
[Black "Bierkules"]
[Result "0-1"]
[ECO "C46"]
[WhiteElo "2400"]
[BlackElo "2409"]
[PlyCount "44"]
[EventDate "2021.??.??"]
[EventType "blitz"]
[TimeControl "180"]

1. e4 e5 2. Nf3 Nf6 3. Nc3 Nc6 4. Nxe5 Nxe5 5. d4 Ng6 6. e5 Ng8 7. Bc4 d5 8.
Nxd5 Be6 9. Bg5 f6 10. Nxf6+ gxf6 11. Bxe6 fxg5 12. Qf3 Nh6 13. Qxb7 Rb8 14.
Qc6+ Ke7 15. O-O-O Rb6 16. Qc5+ Kxe6 17. d5+ Kd7 18. e6+ Kc8 19. Qa5 Kb8 20.
Rhe1 Bb4 21. e7 Bxa5 22. exd8=Q+ Rxd8 {Normal} 0-1

[Event "Rated Blitz game"]
[Site "?"]
[Date "2021.02.19"]
[Round "?"]
[White "maximsnigurov"]
[Black "Muhammadali77"]
[Result "1-0"]
[ECO "C46"]
[WhiteElo "2540"]
[BlackElo "2519"]
[PlyCount "35"]
[EventDate "2021.??.??"]
[EventType "blitz"]
[TimeControl "180"]

1. Nc3 e5 2. Nf3 Nc6 3. e4 Nf6 4. Nxe5 Nxe5 5. d4 Be7 6. dxe5 Ng8 7. Bc4 d6 8.
Qd5 Be6 9. Qxb7 Bxc4 10. Qc6+ Kf8 11. Qxc4 dxe5 12. Be3 Nf6 13. Rd1 Qc8 14. O-O
h6 15. f4 exf4 16. Rxf4 Qe6 17. Qxe6 fxe6 18. e5 {Normal} 1-0

[Event "Rated Blitz game"]
[Site "?"]
[Date "2021.02.19"]
[Round "?"]
[White "Henry940622"]
[Black "MasterOffPuppets"]
[Result "0-1"]
[ECO "C46"]
[WhiteElo "2343"]
[BlackElo "2492"]
[PlyCount "76"]
[EventDate "2021.??.??"]
[EventType "blitz"]
[TimeControl "180"]

1. e4 e5 2. Nf3 Nc6 3. Nc3 Nf6 4. Nxe5 Nxe5 5. d4 Nc6 6. d5 Ne5 7. f4 Bd6 8.
fxe5 Bxe5 9. Bd3 Qe7 10. O-O d6 11. h3 h6 12. Be3 a6 13. Rb1 Bd7 14. Ne2 O-O
15. c4 Rae8 16. Qc2 Nh7 17. Nd4 Ng5 18. Nf5 Bxf5 19. Rxf5 Bf6 20. Re1 g6 21.
Rff1 Bg7 22. h4 Nxe4 23. Bf2 f5 24. Re2 Qf6 25. b3 Nxf2 26. Rexf2 Qxh4 27. Rf4
Qg3 28. R4f3 Bd4+ 29. Kh1 Qg5 30. Rh3 h5 31. Qd1 Bg7 32. Rff3 Qf6 33. Rf1 Re5
34. Qc2 Rfe8 35. Rhf3 Re1 36. Rxe1 Rxe1+ 37. Rf1 Qh4+ 38. Kg1 Bd4+ {Normal} 0-1

[Event "Rated Blitz game"]
[Site "?"]
[Date "2021.02.19"]
[Round "?"]
[White "maximsnigurov"]
[Black "Muhammadali77"]
[Result "0-1"]
[ECO "C46"]
[WhiteElo "2540"]
[BlackElo "2520"]
[PlyCount "52"]
[EventDate "2021.??.??"]
[EventType "blitz"]
[TimeControl "180"]

1. e4 e5 2. Nf3 Nc6 3. Nc3 Nf6 4. Nxe5 Nxe5 5. d4 Nc6 6. d5 Bb4 7. dxc6 bxc6 8.
Bd3 O-O 9. O-O d5 10. e5 Nd7 11. Qh5 g6 12. Qe2 Re8 13. f4 f6 14. Qf3 fxe5 15.
Nxd5 Bc5+ 16. Kh1 Rb8 17. fxe5 cxd5 18. Bg5 Nxe5 19. Bxd8 Nxf3 20. Bxc7 Rb7 21.
Bg3 Nd2 22. Rfd1 Ne4 23. c4 Nxg3+ 24. hxg3 Re5 25. g4 Rxb2 26. cxd5 Bxg4 {
Normal} 0-1

[Event "Rated Blitz game"]
[Site "?"]
[Date "2021.02.19"]
[Round "?"]
[White "MiroLewy66"]
[Black "HotboxWithGod"]
[Result "1-0"]
[ECO "C46"]
[WhiteElo "2308"]
[BlackElo "2405"]
[PlyCount "75"]
[EventDate "2021.??.??"]
[EventType "blitz"]
[TimeControl "300"]

1. e4 e5 2. Nf3 Nc6 3. Nc3 Nf6 4. Nxe5 Nxe5 5. d4 Nxe4 6. Nxe4 Ng6 7. Qf3 Be7
8. h4 Nxh4 9. Qg3 Ng6 10. Bd3 d5 11. Nc3 Be6 12. Bxg6 fxg6 13. Rxh7 Rxh7 14.
Qxg6+ Bf7 15. Qxh7 Bf6 16. Qh8+ Kd7 17. Qh3+ Be6 18. Qd3 c6 19. Bf4 Qb6 20.
O-O-O Qa5 21. Kb1 Rh8 22. a3 b5 23. Bd2 Qb6 24. Be3 a5 25. f4 Bg4 26. Re1 Rh2
27. Qd2 Bf3 28. Qf2 Bh5 29. Qg3 Rh4 30. Qf2 Rg4 31. g3 Bf7 32. Rh1 Rg6 33. f5
Rg4 34. Qf3 Rg5 35. Bxg5 Bxg5 36. f6 Bxf6 37. Ne2 Bg6 38. Qg4+ {Normal} 1-0